 Dungeon Crawl Stone Soup version 0.29-a0-923-g6e406bff71 (webtiles) character file.

Game seed: 14415042287477947536

277 scionoferis the Chiller (level 6, 0/32 (36) HPs)
             Began as an Octopode Ice Elementalist on July 27, 2022.
             Slain by a wight
             ... wielding a +5 scimitar of freezing
              (1 damage)
             ... on level 4 of the Dungeon.
             The game lasted 00:11:01 (3445 turns).

scionoferis the Chiller (Octopode Ice Elementalist) Turns: 3445, Time: 00:11:15

HP:   0/32 (36)     AC:  8    Str: 14    XL:     6   Next: 26%
MP:   5/11          EV: 17    Int: 17    God:
Gold: 118           SH:  0    Dex: 11    Spells: 5/12 levels left

rFire   x . .      SeeInvis .   a - +7 long sword of Chaos {freeze, Fly rN+}
rCold   + . .      Faith    .   (no shield)
rNeg    + . .      Spirit   .   (helmet restricted)
rPois   .          Reflect  .   y - amulet of regeneration
rElec   .          Harm     .   j - +4 ring of evasion
rCorr   .          Rampage  .   p - ring "Feecutt" {Ice Str+7 Dex-2}
Will    .....                   (no ring)
Stlth   +++.......              (no ring)
HPRegen 0.90/turn               (no ring)
MPRegen 0.12/turn               (no ring)
                                (no ring)
                                (no ring)

@: ice-armoured, freezing walls, flying, heavily drained
A: almost no armour, amphibious, 8 rings, camouflage 1, gelatinous body 1,
(nimble swimmer 1), tentacles, dopey 1, evolution 1, MP-powered wands
a: no special abilities


You were on level 4 of the Dungeon.
You visited 1 branch of the dungeon, and saw 4 of its levels.

You collected 118 gold pieces.

Inventory:

Hand Weapons
 a - the +7 long sword of Chaos (weapon) {freeze, Fly rN+}
   (You found it on level 3 of the Dungeon)

   It freezes those it strikes, dealing additional cold damage.
   It can also slow down cold-blooded creatures.
   rN:        It protects you from negative energy.
   Fly:       It grants you flight.
 b - a +0 sling
 d - a +0 short sword
 e - a +4 long sword
 h - a +2 short sword of speed
 u - a +0 dagger of protection
 D - a +1 dagger of venom
Missiles
 g - 45 stones (quivered)
Magical Staves
 m - a staff of conjuration
 r - a staff of death
Jewellery
 j - a +4 ring of evasion (left tentacle)
 p - the ring "Feecutt" (right tentacle) {Ice Str+7 Dex-2}
   (You found it on level 2 of the Dungeon)

   [ring of ice]

   It enhances your ice magic.
   Str:       It affects your strength (+7).
   Dex:       It affects your dexterity (-2).
   rF:        It makes you vulnerable to fire.
   rC:        It protects you from cold.
 y - an amulet of regeneration (around mantle)
Wands
 x - a wand of flame (10)
 E - a wand of polymorph (10)
Scrolls
 c - 2 scrolls of brand weapon {unknown}
 k - 2 scrolls of summoning {unknown}
 l - a scroll of blinking {unknown}
 n - a scroll of enchant armour {unknown}
 s - a scroll of butterflies {unknown}
 v - a scroll of noise {unknown}
 w - a scroll of enchant weapon {unknown}
 C - a scroll of teleportation {unknown}
Potions
 f - a potion of ambrosia {unknown}
 i - 2 potions of brilliance {unknown}
 o - a potion of flight {unknown}
 q - a potion of magic
 t - a potion of berserk rage {unknown}
 z - 2 potions of lignification {unknown}
 A - a potion of might {unknown}
 B - a potion of haste {unknown}


   Skills:
 - Level 2.0 Dodging
 - Level 2.6 Stealth
 + Level 3.7 Spellcasting
 * Level 6.4 Ice Magic


You had 5 spell levels left.
You knew the following spells:

 Your Spells              Type           Power      Damage    Failure   Level
a - Freeze                Ice            100%       1d11      1%          1
b - Frozen Ramparts       Ice            74%        1d9       3%          3
c - Ozocubu's Armour      Ice            37%        N/A       3%          3

Your spell library contained the following spells:

 Spells                   Type           Power      Damage    Failure   Level
 Hailstorm                Conj/Ice       21%        3d6       41%         4


Dungeon Overview and Level Annotations

Branches:
Dungeon (4/15)
 Temple: D:4-7

Altars:

Shops:
D:2 (


Innate Abilities, Weirdness & Mutations

You cannot wear most types of armour.
You are amphibious.
You can wear up to eight rings at the same time.
Your skin changes colour to match your surroundings (Stealth+).
Your rubbery body absorbs attacks. (AC +1, EV +1)
((You are camouflaged when in or above water. (Stealth+)))
You have tentacles for arms and can constrict up to eight enemies at once.
You are dopey. (Int -2)
You have hidden genetic potential.
You expend magic power (3 MP) to strengthen your wands.


Message History

Confirm with . or Enter, or press ? or * to list all spells.
Casting: Frozen Ramparts (dangerous; 4% risk of failure)
Press: ? - help, Dir - look around, f - activate You feel a surge of power!
The walls around you are covered in ice.
The wall freezes the ogre.
The wall freezes the ogre!
You closely miss the ogre.
The ogre is heavily wounded.
The wall freezes the ogre.
The ogre barely misses you.
The wight resists.
The wall freezes the wight.
You hit the ogre. You freeze the ogre.
The ogre is almost dead.
The wight resists.
The wall freezes the wight.
The wall freezes the ogre.
The ogre barely misses you.
You slash the ogre! You freeze the ogre.
You kill the ogre!
The wight resists.
The wall freezes the wight.
The wight completely resists.
The wall freezes the wight but does no damage.
The wight closely misses you.
You have reached level 6!
You closely miss the wight. You grab the wight.
The wight is lightly damaged.
You constrict the wight, but do no damage.
The wight resists.
The wall freezes the wight.
The wight hits you with a +5 scimitar of freezing!
You partially resist.
You feel drained. The wight freezes you.
You hit the wight.
You squeeze the wight, but do no damage.
The wight is heavily damaged.
You constrict the wight.
The wight completely resists.
The wall freezes the wight but does no damage.
The wight closely misses you.
The wight completely resists.
The wall freezes the wight but does no damage.
The wight hits you with a +5 scimitar of freezing!
* * * LOW HITPOINT WARNING * * *
You partially resist.
You feel drained.
* * * LOW HITPOINT WARNING * * *
The wight freezes you.
You die...

...O.......# #.........#.
r..........# #..<......#.
...........######+#.....#.
...#.......#..<......##.#.
.....)..#'##.........+..#.
........#.##.........#..#.
........#.##.........#....
........#z##..............
........#@################
#######.#.................
#.#.################ ..#.#
###


You could see a wight.

Vanquished Creatures
  An ogre (D:4)
  Crazy Yiuf (D:3)
  An orc priest (D:3)
  Terence (D:2)
  An iguana (D:3)
  An adder (D:3)
  4 dart slugs
  3 orcs (D:3)
  7 bats
  3 endoplasms
  A giant cockroach (D:1)
  4 goblins
  5 hobgoblins
  7 jackals
  2 quokkas (D:1)
  8 ball pythons
  5 frilled lizards
  9 kobolds
  5 rats
69 creatures vanquished.

Vanquished Creatures (others)
  4 toadstools (D:1)
4 creatures vanquished.

Grand Total: 73 creatures vanquished

Notes
Turn   | Place    | Note
-------+----------+-------------------------------------------
     0 | D:1      | scionoferis the Octopode Ice Elementalist began the quest
                  | for the Orb.
     0 | D:1      | Reached XP level 1. HP: 11/11 MP: 3/3
   335 | D:1      | Reached XP level 2. HP: 17/17 MP: 5/5
   944 | D:1      | Reached XP level 3. HP: 17/21 MP: 3/6
   950 | D:1      | Learned a level 3 spell: Frozen Ramparts
  1456 | D:2      | Noticed Terence
  1473 | D:2      | Learned a level 3 spell: Ozocubu's Armour
  1571 | D:2      | Found Erusapt's Weapon Emporium.
  1623 | D:2      | Identified the ring "Feecutt" {Ice Str+7 Dex-2}
  1656 | D:2      | Identified the +1 chain mail "Niprumn" {rPois rCorr}
  2057 | D:2      | Killed Terence
  2058 | D:2      | Reached skill level 5 in Ice Magic
  2058 | D:2      | Reached XP level 4. HP: 27/27 MP: 0/8
  2148 | D:2      | Gained mutation: Your flesh is heat resistant. (rF+)
                  | [potion of mutation]
  2148 | D:2      | Gained mutation: You do not regenerate when monsters are
                  | visible. [potion of mutation]
  2148 | D:2      | Gained mutation: You are agile. (Dex +4, Str/Int -1)
                  | [potion of mutation]
  2148 | D:2      | Gained mutation: You have an increased reservoir of magic.
                  | (+10% MP) [potion of mutation]
  2149 | D:2      | Lost mutation: You do not regenerate when monsters are
                  | visible. [potion of mutation]
  2149 | D:2      | Lost mutation: Your flesh is heat resistant. (rF+) [potion
                  | of mutation]
  2149 | D:2      | Lost mutation: You are agile. (Dex +4, Str/Int -1) [potion
                  | of mutation]
  2149 | D:2      | Gained mutation: You are partially covered in iridescent
                  | scales. (AC +2) [potion of mutation]
  2149 | D:2      | Gained mutation: You do not regenerate when monsters are
                  | visible. [potion of mutation]
  2150 | D:2      | Lost mutation: You do not regenerate when monsters are
                  | visible. [potion of mutation]
  2150 | D:2      | Lost mutation: You are partially covered in iridescent
                  | scales. (AC +2) [potion of mutation]
  2150 | D:2      | Lost mutation: You have an increased reservoir of magic.
                  | (+10% MP) [potion of mutation]
  2150 | D:2      | Gained mutation: You are dopey. (Int -2) [potion of
                  | mutation]
  2150 | D:2      | Gained mutation: You have hidden genetic potential. [potion
                  | of mutation]
  2153 | D:3      | Identified the +7 long sword of Chaos {freeze, Fly rN+}
  2355 | D:3      | Found a runed translucent door.
  2356 | D:3      | Noticed Crazy Yiuf
  2488 | D:3      | Reached XP level 5. HP: 31/31 MP: 2/9
  2991 | D:3      | Gained mutation: You expend magic power (3 MP) to
                  | strengthen your wands. [hidden potential]
  3144 | D:3      | Killed Crazy Yiuf
  3145 | D:3      | Reached skill level 6 in Ice Magic
  3429 | D:4      | Noticed an ogre
  3443 | D:4      | Killed an ogre
  3444 | D:4      | Reached XP level 6. HP: 36/36 MP: 4/11
  3445 | D:4      | HP: 1/32 [wight/+5 scimitar of freezing (1)]
  3445 | D:4      | Slain by a wight

Illustrated notes

Levels and vault maps discovered:
D:1:      ldierk_water_garden, layout_basic, minmay_strange_pillars
D:2:      layout_loops_ring, serial_shops, nicolae_shop_bloodbath_and_beyond,
          serial_park_tiny_1, chequers_mini_garden, uniq_terence
D:3:      layout_loops_ring, uniq_crazy_yiuf_cottage
D:4:      layout_basic, minitemple, slow_altar_2,
          minmay_temple_entry_statues_fountains

Skill      XL: |  1  2  3  4  5 |
---------------+----------------+-----
Ice Magic      | 5 6 |  6.4
Spellcasting   | 3 |  3.7
Dodging        | |  2.0
Stealth        | |  2.6

Action                   |  1- 3 |  4- 6 || total
-------------------------+-------+-------++-------
Melee: Unarmed           |     6 |       ||     6
       Punch             |     3 |     1 ||     4
       Dagger            |    58 |       ||    58
       Constrict         |    17 |     8 ||    25
       Tentacles         |    11 |     6 ||    17
       Short sword       |    10 |       ||    10
       Long sword        |       |    30 ||    30
Throw: Stone             |     1 |       ||     1
 Cast: Freeze            |     9 |       ||     9
       Frozen Ramparts   |     1 |     7 ||     8
       Ozocubu's Armour  |     1 |     3 ||     4
  Use: Potion            |       |     3 ||     3
 Stab: Sleeping          |    19 |     5 ||    24
Armor: Skin              |     7 |     2 ||     9
Dodge: Dodged            |    51 |    19 ||    70

Table legend: (Time is in decaauts)
 A = Elapsed time spent in this place.
 B = Non-inter-level travel time spent in this place.
 C = Inter-level travel time spent in this place.
 D = Time resting spent in this place.
 E = Time spent auto-exploring this place.
 F = Levels seen in this place.
 G = Mean time per level.
                   A        B        C        D        E       F      G
               +--------+--------+--------+--------+--------+-----+--------+
         Total |   3451 |   3394 |     57 |    265 |   2400 |   4 |  862.8 |
       Dungeon |   3451 |   3394 |     57 |    265 |   2400 |   4 |  862.8 |
               +--------+--------+--------+--------+--------+-----+--------+

Top non-repeatable levels by time:
     D:1: 1361 daAuts
     D:3: 1209 daAuts
     D:2: 813 daAuts
     D:4: 66 daAuts
